Map: Magannatha LE

Players

zomeer - Winner!

  • Race: Zerg Zerg
  • League: Gold
  • Spawn Location: 11:00

Sindyr

  • Race: Terran Terran
  • League: Master
  • Spawn Location: 5:00

VOD

Have the link to the VOD?

Description

Time

  • Played on: Sept. 15, 2025, 12:47 p.m.
  • Length: 16:40
Show
View Real Time Build Order
Export as new Build Order

zomeer Zerg - Winner!

Build Orders: Pool First 

Get SALT Encoding   

  12  0:13  Drone  
  12  0:14  Drone  
  14  0:17  Extractor  
  14  0:18  Drone  
  15  0:24  Overlord  
  15  0:41  Spawning Pool  
  14  0:49  Drone  
  15  0:50  Drone  
  16  0:57  Extractor  
  15  1:14  Hatchery  
  15  1:17  Drone x2  
  16  1:22  Drone  
  17  1:40  Queen  
  17  1:45  Drone  
  17  1:46  Drone  
  21  1:58  Overlord  
  21  2:04  Metabolic Boost  
  21  2:25  Zergling x2  
  21  2:26  Zergling x4  
  21  2:29  Drone  
  25  2:32  Queen  
  27  2:41  Drone  
  29  2:44  Drone  
  29  2:53  Drone  
  29  2:58  Drone  
  31  3:08  Queen  
  31  3:31  Overlord x4  
  31  3:51  Zergling x2  
  32  3:57  Hatchery  
  32  3:59  Zergling x6  
  32  4:00  Zergling x4  
  36  4:09  Spore Crawler  
  35  4:11  Spore Crawler  
  34  4:26  Lair  
  34  4:28  Drone x4  
  34  4:29  Baneling Nest  
  37  4:39  Drone x6  
  43  4:46  Drone x4  
  44  5:04  Extractor  
  43  5:10  Drone  
  43  5:11  Drone x3  
  43  5:12  Drone  
  48  5:18  Extractor  
  48  5:21  Drone x2  
  48  5:23  Queen  
  51  5:29  Centrifugal Hooks  
  51  5:36  Extractor  
  51  5:37  Queen  
  51  5:38  Drone x2  
  51  5:39  Drone x5  
  51  5:42  Drone x2  
  61  5:46  Extractor  
  60  5:57  Baneling x4  
  60  5:58  Baneling x3, Evolution Chamber  
  60  6:00  Zergling x6, Evolution Chamber  
  61  6:06  Overlord  
  61  6:12  Drone  
  61  6:13  Drone, Queen  
  65  6:27  Zergling x14  
  65  6:28  Zergling x2  
  73  6:34  Overlord x3  
  73  6:45  Baneling x4  
  73  6:46  Baneling x2  
  73  6:49  Overlord x3  
  73  6:50  Overlord x2  
  64  7:13  Zergling x14  
  64  7:14  Zergling x2  
  71  7:20  Hydralisk Den, Drone x2  
  71  7:21  Drone x2  
  73  7:34  Zergling x16  
  81  7:41  Drone x3  
  84  7:49  Extractor  
  83  7:56  Baneling  
  83  7:57  Baneling x7  
  83  7:58  Baneling x6  
  83  7:59  Baneling x2  
  83  8:01  Zergling x10  
  83  8:04  Hatchery  
  87  8:13  Drone x3  
  75  8:44  Zergling x10  
  75  8:45  Zergling x8  
  82  8:59  Drone x4  
  82  9:00  Drone  
  87  9:07  Infestation Pit  
  87  9:08  Baneling  
  87  9:09  Baneling x3  
  75  9:29  Drone x2  
  75  9:33  Zergling x2  
  75  9:34  Zergling x16  
  75  9:35  Zergling x6  
  87  9:49  Zergling x4  
  89  9:53  Zergling x4  
  89  9:54  Zergling x8  
  89  9:56  Drone x2  
  97  10:04  Hive  
  97  10:13  Baneling x4  
  97  10:14  Baneling x7  
  97  10:15  Baneling x2  
  93  10:30  Zergling x12  
  93  10:31  Zergling x12  
  97  10:46  Baneling  
  97  10:47  Baneling x6  
  97  10:50  Baneling x4  
  97  10:51  Baneling x7  
  97  10:52  Baneling x3  
  97  10:54  Drone x3  
  97  10:56  Extractor  
  99  11:00  Extractor  
  99  11:03  Zerg Missile Weapons Level 1  
  98  11:04  Zerg Melee Weapons Level 1  
  98  11:07  Grooved Spines  
  98  11:10  Hydralisk  
  98  11:11  Hydralisk x5  
  100  11:15  Drone  
  111  11:26  Overlord x2  
  111  11:27  Overlord x2  
  111  11:45  Zergling x12  
  111  11:46  Zergling x14  
  123  11:58  Muscular Augments  
  108  12:10  Baneling  
  108  12:11  Baneling x6  
  108  12:12  Baneling  
  104  12:17  Ultralisk Cavern  
  89  12:30  Zergling x8  
  89  12:31  Zergling x14  
  89  12:32  Zergling x12  
  102  12:38  Baneling x3  
  102  12:39  Baneling x2  
  102  12:43  Zergling x6  
  102  12:44  Zergling x6  
  108  12:46  Drone x2  
  108  12:47  Drone  
  111  12:58  Overlord  
  111  13:00  Overlord  
  111  13:04  Baneling x3  
  111  13:05  Baneling x6  
  111  13:06  Baneling  
  111  13:10  Ultralisk x4  
  111  13:11  Ultralisk  
  141  13:16  Hatchery  
  141  13:17  Drone x2  
  142  13:25  Chitinous Plating  
  142  13:29  Zerg Ground Armor Level 1  
  142  13:30  Zerg Missile Weapons Level 2  
  142  13:39  Hydralisk x4  
  142  13:40  Hydralisk x4  
  158  13:46  Drone  
  159  14:21  Queen  
  109  14:59  Zergling x8  
  114  15:00  Zergling x14  
  114  15:01  Zergling x10  
  125  15:17  Ultralisk x5  
  125  15:18  Ultralisk  
  161  15:23  Drone  
  161  15:24  Drone  
  160  15:37  Zergling x4  
  160  15:38  Zergling x10  
  166  15:46  Overlord x5  
  166  15:47  Overlord x2  
  166  15:50  Extractor  
  165  16:02  Baneling x6  
  165  16:03  Baneling x6  
  166  16:04  Zergling x12  
  166  16:05  Zergling x8  
  175  16:18  Zergling x16  
  181  16:19  Zergling x4  
Show
View Real Time Build Order
Export as new Build Order

Sindyr Terran 

Build Orders:  

Get SALT Encoding   

  12  0:00  SCV  
  13  0:12  SCV  
  14  0:17  Supply Depot  
  14  0:25  SCV  
  15  0:39  SCV  
  16  0:43  Barracks  
  16  0:52  Refinery  
  16  0:53  SCV  
  17  1:05  SCV  
  19  1:29  Orbital Command  
  18  1:39  Command Center  
  18  1:46  Barracks Reactor  
  18  1:56  Barracks  
  18  1:58  SCV  
  19  2:10  SCV  
  19  2:15  Supply Depot  
  20  2:17  Supply Depot  
  20  2:22  SCV  
  21  2:23  Refinery  
  21  2:34  SCV  
  22  2:43  Marine x3  
  24  2:52  SCV  
  24  2:58  Orbital Command  
  25  3:04  SCV  
  26  3:14  Refinery  
  26  3:16  SCV  
  27  3:25  Barracks Tech Lab  
  27  3:26  Marine x2  
  26  3:27  Factory  
  26  3:28  SCV  
  25  3:40  SCV  
  25  3:44  Marine x2  
  28  3:51  Marine  
  28  3:52  SCV  
  28  3:55  Stimpack  
  29  4:02  Marine x2  
  31  4:04  SCV  
  31  4:09  Marine  
  33  4:20  Marine x2  
  33  4:21  Starport  
  33  4:23  Factory Reactor  
  35  4:31  Engineering Bay  
  35  4:34  Engineering Bay  
  35  4:35  SCV x2  
  37  4:47  SCV x2  
  37  4:52  Marine x3  
  41  4:59  SCV x2  
  44  5:10  Marine x2  
  44  5:11  Factory Tech Lab, SCV  
  44  5:12  Armory  
  47  5:15  Terran Infantry Weapons Level 1  
  47  5:16  Terran Infantry Armor Level 1  
  47  5:19  SCV  
  48  5:23  SCV  
  49  5:31  SCV  
  49  5:35  SCV  
  51  5:42  Medivac  
  53  5:43  SCV  
  54  5:50  Supply Depot  
  54  5:51  Supply Depot  
  54  5:52  Supply Depot  
  54  5:57  Missile Turret  
  54  5:59  Missile Turret  
  54  6:12  Medivac x2, SCV x2, Siege Tank  
  54  6:18  Command Center  
  63  6:24  SCV x2  
  65  6:30  Terran Vehicle Weapons Level 1  
  65  6:36  SCV x2  
  65  6:39  Refinery  
  67  6:42  Medivac  
  67  6:44  Barracks  
  67  6:45  Barracks  
  69  6:48  SCV  
  69  6:49  SCV  
  71  6:54  Marine  
  71  6:55  Marine x2  
  71  7:00  SCV  
  71  7:01  SCV  
  64  7:12  Marine x3  
  64  7:13  SCV x2  
  63  7:18  Medivac x2  
  66  7:25  SCV x2  
  67  7:30  Marine x3  
  67  7:33  Terran Infantry Weapons Level 2, Terran Infantry Armor Level 2  
  67  7:34  Barracks Tech Lab  
  67  7:35  Barracks Reactor  
  71  7:37  SCV  
  71  7:48  Marine x3  
  74  8:00  Command Center  
  74  8:06  Marine, Marauder  
  74  8:09  Supply Depot  
  77  8:13  Supply Depot x2  
  77  8:14  Siege Tank  
  77  8:15  Marine  
  77  8:16  Marine x3  
  84  8:22  Medivac x2  
  84  8:23  Marine  
  84  8:25  Terran Vehicle And Ship Armor Level 1  
  82  8:28  Marauder  
  82  8:33  Marine x2  
  82  8:34  Marine, Marauder  
  60  8:41  Marine  
  61  8:49  Marine  
  61  8:51  Marine x3  
  61  8:55  Marine  
  65  8:59  Marine  
  67  9:07  Marine  
  67  9:08  Planetary Fortress  
  67  9:09  Marine  
  67  9:23  SCV x2  
  66  9:33  Siege Tank  
  66  9:35  SCV x2  
  69  9:46  Marine x3  
  69  9:47  Marine, Marauder x2  
  77  10:02  Terran Infantry Weapons Level 3  
  77  10:05  Terran Infantry Armor Level 3  
  77  10:08  SCV x2  
  79  10:16  SCV  
  79  10:20  Planetary Fortress, SCV  
  81  10:27  Marine  
  81  10:28  Marauder, Marine  
  69  10:49  SCV x3  
  72  11:01  SCV x3  
  75  11:08  Refinery  
  75  11:09  Terran Vehicle Weapons Level 2  
  75  11:12  Marauder  
  75  11:13  Marine, SCV x3  
  75  11:15  SCV  
  83  11:25  SCV x2  
  83  11:26  SCV  
  83  11:27  Supply Depot  
  83  11:28  SCV  
  86  11:38  SCV x2  
  88  11:40  SCV  
  88  11:43  SCV  
  90  11:50  SCV x2  
  90  11:52  SCV  
  93  11:55  SCV  
  93  11:58  Marauder x2  
  98  12:02  SCV x2  
  98  12:07  SCV  
  92  12:08  Marine  
  92  12:09  Marine x3  
  92  12:12  Factory  
  92  12:14  Factory, SCV  
  95  12:19  Marauder x2  
  96  12:26  SCV, Marine x2  
  96  12:27  Marine x2  
  99  12:38  SCV  
  99  12:41  Marauder x2  
  104  12:44  Marine x3  
  104  12:50  SCV  
  108  12:59  Factory Tech Lab x2  
  108  13:02  Marauder x2, SCV  
  113  13:12  Command Center, Refinery  
  113  13:14  Combat Shield, SCV  
  113  13:18  Concussive Shells  
  114  13:20  Medivac  
  114  13:21  Medivac  
  114  13:23  Marauder  
  114  13:24  Marauder  
  114  13:27  SCV  
  123  13:45  Marauder  
  125  14:00  Terran Vehicle And Ship Armor Level 2  
  125  14:04  Armory  
  125  14:23  Thor x2  
  122  14:34  Marine x4, Marauder  
  122  14:35  Marauder  
  122  14:36  Thor  
  90  14:52  Marine x4  
  87  14:56  Marauder x2  
  88  15:06  Thor x2  
  100  15:09  Marine  
  100  15:10  Marine x2  
  103  15:17  Marauder x2  
  103  15:19  Planetary Fortress  
  107  15:31  Thor  
  113  15:39  Marauder x2  
  117  15:50  Command Center  
  117  15:54  Refinery  
  117  15:55  Refinery  
  117  15:56  SCV x3  
  120  16:00  Marauder x2  
  124  16:04  Supply Depot  
  124  16:08  SCV  
  124  16:09  Supply Depot  
  124  16:10  Supply Depot  
  125  16:11  Supply Depot  
  125  16:25  SCV x3  
Tags
 
Matchup
TvZ
Opening
Pool First
Replay Pack
Multiplayer
Spawn Locations
Cross Positions
Add a new tag
Caveats
  • Supply blocks, unpowered buildings, or Contaminate may cause inaccurate times.
  • Supply counts are checked every 10 seconds.